 Dungeon Crawl Stone Soup version 0.22.1-1-ga44c0e56f4 (webtiles) character file.

370 KamiKatze the Chopper (level 6, 0/56 HPs)
             Began as a Hill Orc Berserker on Nov 4, 2018.
             Was a Believer of Trog.
             Slain by an orc priest
             ... wielding a +0 mace
              (7 damage)
             ... on level 3 of the Dungeon.
             The game lasted 00:09:57 (2103 turns).

KamiKatze the Chopper (Hill Orc Berserker)          Turns: 2103, Time: 00:09:57

Health: 0/56       AC:  8    Str: 22    XL:     6   Next: 70%
Magic:  6/6        EV: 11    Int:  7    God:    Trog [**....]
Gold:   124        SH:  0    Dex: 10    Spells: 5/5 levels left

rFire    . . .     SeeInvis .   a - +0 hand axe
rCold    . . .     Gourm    .   (no shield)
rNeg     . . .     Faith    .   k - +0 scale mail
rPois    .         Spirit   .   b - +0 helmet
rElec    .         Reflect  .   (no cloak)
rCorr    +         Harm     .   (no gloves)
MR       .....                  (no boots)
Stlth    ..........             (no amulet)
HPRegen  0.18/turn              (no ring)
MPRegen  0.10/turn              t - ring of resist corrosion

@: no status effects
A: no striking features
a: Berserk, Trog's Hand, Renounce Religion, Convert to Beogh


You were on level 3 of the Dungeon.
You worshipped Trog.
Trog was pleased with you.
You were not hungry.

You visited 1 branch of the dungeon, and saw 3 of its levels.

You collected 124 gold pieces.

Inventory:

Hand Weapons
 a - a +0 hand axe (weapon)
 i - a +0 flail of protection
Armour
 b - a +0 helmet (worn)
 k - a +0 scale mail (worn)
 r - a cursed +0 chain mail
Jewellery
 d - an uncursed amulet of magic regeneration {unknown}
 t - a ring of resist corrosion (right hand)
Scrolls
 h - a scroll of teleportation
Potions
 g - a potion of mutation {unknown}
 l - a potion of ambrosia {unknown}
 n - 2 potions of agility
 p - 2 potions of flight
 q - a potion of magic {unknown}
 s - a potion of invisibility {unknown}
Comestibles
 c - 6 rations
 f - 2 chunks of flesh


   Skills:
 + Level 5.0 Fighting
 * Level 6.8 Axes
 + Level 3.8 Armour
 + Level 2.9 Dodging


You had 5 spell levels left.
You didn't know any spells.
Your spell library was empty.

Dungeon Overview and Level Annotations

Branches:
Dungeon (3/15)

Altars:


Message History

The orc priest closely misses you. The orc barely misses you.
You hit the orc.
You kill the orc!
Trog accepts your kill.
You hit the orc priest.
The orc priest shouts, "Surrender to Beogh and we'll let you live!"
The orc priest shouts, "Join the one true god or die!"
The orc priest splashes around in the water.
The orc priest calls down the wrath of Beogh upon you.
Pain shoots through your body!
There is an open door here.
You closely miss the orc priest.
The orc priest is heavily wounded.
The orc priest mumbles some strange prayers to Beogh against you.
Beogh smites you!
* * * LOW HITPOINT WARNING * * *
You hit the orc priest but do no damage.
The orc priest is heavily wounded.
The orc priest hits you with a mace!
You die...

.........#...
...........#
...........#
...........#
......÷....#.
.......(......
......#############
......#≈≈≈≈≈≈≈≈≈#.##
.....)'≈≈≈≈|≈≈≈≈@..#
...#.†#≈≈≈≈≈≈≈≈o#..#
####(############..#
##.# .## #(.# ..
#.## ..# #.# ..# #.#
#.. K.#


You could see an orc priest.

Vanquished Creatures
  The ghost of vierth the Ruffian, an amateur TrBe of Trog (D:3)
  A bullfrog (D:3)
  2 orc priests (D:2)
  Terence (D:2)
  An orc wizard (D:2)
  2 adders
  A river rat (D:3)
  An ooze (D:3)
  4 worms
  2 dart slugs (D:2)
  2 leopard geckos (D:1)
  5 orcs
  3 giant cockroaches
  7 goblins
  11 hobgoblins
  2 jackals (D:3)
  3 bats
  A frilled lizard (D:2)
  3 kobolds
  8 rats
61 creatures vanquished.

Notes
Turn   | Place    | Note
-------+----------+-------------------------------------------
     0 | D:1      | KamiKatze the Hill Orc Berserker began the quest for the
                  | Orb.
     0 | D:1      | Reached XP level 1. HP: 19/19 MP: 1/1
   329 | D:1      | Reached XP level 2. HP: 13/27 MP: 2/2
   828 | D:1      | Reached XP level 3. HP: 24/33 MP: 3/3
  1073 | D:2      | Noticed Terence
  1140 | D:2      | Killed Terence
  1140 | D:2      | Reached skill level 5 in Axes
  1192 | D:2      | Reached XP level 4. HP: 26/40 MP: 4/4
  1215 | D:2      | Reached ** piety under Trog
  1392 | D:2      | Reached XP level 5. HP: 32/47 MP: 5/5
  1929 | D:3      | Reached skill level 6 in Axes
  1944 | D:3      | Found a runed door.
  1949 | D:3      | Noticed vierth's ghost (amateur TrBe)
  1973 | D:3      | Killed vierth's ghost
  1973 | D:3      | Reached XP level 6. HP: 23/55 MP: 6/6
  2030 | D:3      | Reached skill level 5 in Fighting
  2040 | D:3      | Found a runed door.
  2103 | D:3      | Slain by an orc priest

Skill      XL: |  1  2  3  4  5  6 |
---------------+-------------------+-----
Fighting       | 4 5 |  5.0
Axes           | 5 6 |  6.8
Dodging        | 2 |  2.9
Armour         | 3 |  3.8

Action                   |  1- 3 |  4- 6 || total
-------------------------+-------+-------++-------
Melee: Hand axe          |   110 |   152 ||   262
Invok: Berserk           |     1 |     2 ||     3
       Trog's Hand       |       |     2 ||     2
  Use: Scroll            |       |     6 ||     6
 Stab: Sleeping          |     1 |       ||     1
  Eat: Chunk             |     2 |     6 ||     8
Armor: Animal skin       |     2 |       ||     2
       Ring mail         |    22 |       ||    22
       Scale mail        |     1 |    72 ||    73
Dodge: Dodged            |    68 |    78 ||   146
